 Dungeon Crawl Stone Soup version 0.28.0-53-g5a82cb258f (webtiles) character file.

Game seed: 3133251759924089118

158 bnorton916 the Magician (level 5, -2/28 HPs)
             Began as a Deep Elf Fire Elementalist on June 15, 2022.
             Slain by a scorpion (7 damage)
             ... on level 4 of the Dungeon.
             The game lasted 00:03:43 (4047 turns).

bnorton916 the Magician (DEFE)                      Turns: 4047, Time: 00:03:44

Health: -2/28      AC:  3    Str:  5    XL:     5   Next: 16%
Magic:  6/13       EV: 12    Int: 22    God:
Gold:   88         SH:  0    Dex: 15    Spells: 3/13 levels left

rFire   . . .      SeeInvis +   (no weapon)
rCold   . . .      Faith    .   (no shield)
rNeg    . . .      Spirit   .   a - +0 robe
rPois   .          Reflect  .   (no helmet)
rElec   .          Harm     .   s - +0 cloak
rCorr   .          Rampage  .   (no gloves)
Will    .....                   (no boots)
Stlth   ++........              (no amulet)
HPRegen 0.09/turn               c - ring of see invisible
MPRegen 0.13/turn               (no ring)

@: no status effects
A: no striking features
a: no special abilities


You were on level 4 of the Dungeon.
You visited 1 branch of the dungeon, and saw 4 of its levels.

You collected 88 gold pieces.

Inventory:

Hand Weapons
 q - a +1 dagger of venom
Missiles
 b - 6 poisoned darts
 e - 96 stones
Armour
 a - a +0 robe (worn)
 s - a +0 cloak (worn)
Jewellery
 c - a ring of see invisible (left hand)
Wands
 t - a wand of flame (29)
Scrolls
 f - a scroll of fear {unknown}
 h - a scroll of torment {unknown}
 l - a scroll of blinking {unknown}
 m - a scroll of identify {unknown}
 n - a scroll of noise {unknown}
 p - 2 scrolls of teleportation {unknown}
 u - a scroll of vulnerability {unknown}
Potions
 d - 2 potions of curing
 g - 2 potions of mutation {unknown}
 i - 2 potions of degeneration {unknown}
 j - a potion of haste {unknown}
 k - a potion of resistance {unknown}
 o - a potion of attraction {unknown}
 r - a potion of ambrosia {unknown}


   Skills:
 - Level 2.4 Dodging
 - Level 2.4 Stealth
 + Level 4.5 Spellcasting
 * Level 3.9 Conjurations
 + Level 4.2 Fire Magic


You had 3 spell levels left.
You knew the following spells:

 Your Spells              Type           Power      Damage    Failure   Level
a - Foxfire               Conj/Fire      92%        2x1d8     1%          1
b - Scorch                Fire           46%        2d7       2%          2
c - Conjure Flame         Conj/Fire      23%        6-21      6%          3
d - Flame Wave            Conj/Fire      23%        2d7       19%         4

Your spell library contained the following spells:

 Spells                   Type           Power      Damage    Failure   Level
 Sandblast                Erth           8%         2d5       11%         1
 Inner Flame              Hex/Fire       14%        N/A       13%         3
 Stone Arrow              Conj/Erth      26%        3d8       14%         3
 Passwall                 Tmut/Erth      3%         N/A       16%         2
 Iskenderun's Mystic Bla  Conj/Tloc      13%        2d5       43%         4


Dungeon Overview and Level Annotations

Branches:
Dungeon (4/15)
 Temple: D:4-7

Altars:

Shops:
D:3 [[([


Message History

You start resting.
HP restored.
You start waiting.
Done waiting.
You start waiting.
Done waiting.
You climb downwards.
You hear the hiss of flowing sand.
There is an entrance to an ossuary on this level.
Hurry and find it before the portal is buried!
You hear the quick hiss of a distant avalanche of sand.
The scorpion barely misses you.
The scorpion stings you but does no damage.
There is a stone staircase leading up, spattered with blood here.
Casting: Scorch (safe; 2% risk of failure)
Confirm with . or Enter, or press ? or * to list all spells.
Flames lash the scorpion.
The scorpion is moderately wounded.
The scorpion's fire resistance burns away.
The scorpion stings you. The scorpion completely misses you.
Casting: Scorch (safe; 2% risk of failure)
Confirm with . or Enter, or press ? or * to list all spells.
Flames lash the scorpion.
The scorpion is burned terribly!
The scorpion is severely wounded.
The scorpion barely misses you. The scorpion barely misses you.
The scorpion stings you!
Casting: Scorch (safe; 2% risk of failure)
Confirm with . or Enter, or press ? or * to list all spells.
Flames lash the scorpion.
The scorpion is burned terribly!
The scorpion is almost dead.
The scorpion closely misses you. The scorpion stings you.
Unknown command.
Casting: Scorch (safe; 2% risk of failure)
Confirm with . or Enter, or press ? or * to list all spells.
Flames lash the scorpion but do no damage.
The scorpion stings you!
* * * LOW HITPOINT WARNING * * *
The scorpion stings you!
You die...

.... ....
..... .÷.P.
...... #......
##.....P.
#@÷.[#
#.....s.......
######....=#..
#.......#
#...##...
#[.## .. #.##
# #..


You could see a scorpion (combustible).

Vanquished Creatures
  An iguana (D:4)
  6 adders
  A dart slug (D:1)
  3 orcs (D:3)
  4 ball pythons
  10 bats
  An endoplasm (D:2)
  3 giant cockroaches
  7 goblins
  6 hobgoblins
  10 jackals (D:1)
  5 kobolds
  A quokka (D:2)
  5 frilled lizards
  3 rats
66 creatures vanquished.

Vanquished Creatures (collateral kills)
  12 foxfires (D:1)
12 creatures vanquished.

Vanquished Creatures (others)
  301 foxfires
  10 plants (D:1)
311 creatures vanquished.

Grand Total: 389 creatures vanquished

Notes
Turn   | Place    | Note
-------+----------+-------------------------------------------
     0 | D:1      | bnorton916 the Deep Elf Fire Elementalist began the quest
                  | for the Orb.
     0 | D:1      | Reached XP level 1. HP: 10/10 MP: 6/6
   230 | D:1      | Reached XP level 2. HP: 15/15 MP: 5/8
   630 | D:1      | Reached XP level 3. HP: 13/19 MP: 5/10
  1742 | D:2      | Got Sif Muna's Collected Works on Displacement and Combat
                  | Magic
  1922 | D:2      | Reached XP level 4. HP: 7/24 MP: 10/12
  2310 | D:2      | Learned a level 2 spell: Scorch
  2314 | D:2      | Learned a level 3 spell: Conjure Flame
  2319 | D:2      | Learned a level 4 spell: Flame Wave
  2827 | D:2      | Found a faded altar of an unknown god.
  3150 | D:3      | Found Azapyo's Armour Boutique.
  3333 | D:3      | Found Buibaisa's Antique Weapon Shoppe.
  3348 | D:3      | Found Lomnof's Armour Boutique.
  3394 | D:3      | Found Cogiplan's Armour Shop.
  3644 | D:4      | Reached XP level 5. HP: 5/28 MP: 7/13
  4047 | D:4      | Slain by a scorpion

Illustrated notes

Levels and vault maps discovered:
D:1:      dpeg_arrival_rooms_with_view, layout_basic, serial_forest,
          infiniplex_forest_lined_3_way, infiniplex_forest_3_way,
          infiniplex_forest_diagonal, infiniplex_forest_clump_long,
          infiniplex_forest_clump_double, minmay_pentomino_q2
D:2:      layout_loops_ring, hellmonk_ecumenical_altar_inner_sanctum
D:3:      layout_rooms, serial_shops, shop,
          nicolae_shop_temple_entry_statues_fountains, shop,
          nicolae_diamond_shop, chequers_jeans
D:4:      layout_cave_pools, gup_ossuary_entry_pyramid, corner_web_ring,
          kennysheep_path_1, kennysheep_diamond, minmay_misc_feat_plants

Skill      XL: |  1  2  3  4 |
---------------+-------------+-----
Conjurations   | 2 3 |  3.9
Spellcasting   | 4 |  4.5
Fire Magic     | 4 |  4.2
Dodging        | |  2.4
Stealth        | |  2.4

Action                   |  1- 3 |  4- 6 || total
-------------------------+-------+-------++-------
 Cast: Foxfire           |   126 |    58 ||   184
       Scorch            |       |     9 ||     9
  Use: Potion            |       |     1 ||     1
Armor: Robe              |     4 |     4 ||     8
Dodge: Dodged            |    13 |    17 ||    30
